APP
PHILADELPHIA (APP) PHILLIES @ MISSOULA OSPREY
09/19/2047
 
TOP OF THE 1ST
Philadelphia (APP) Phillies batting - Pitching for Missoula Osprey : RHP Jordan Rondon
Pitching: RHP Jordan Rondon
Batting: RHB Mike Bell 0-0: Called Strike
0-1: Swinging Strike
0-2: Ball
1-2: Strikes out swinging
Batting: RHB Victor Arias 0-0: Called Strike
0-1: Ball
1-1: Ball
2-1: Hit by Pitch
Batting: LHB Joel Moore 0-0: Foul Ball, location: 2F
0-1: Ball
1-1: Called Strike
1-2: Strikes out swinging
Batting: RHB Guan-pei Gao 0-0: Swinging Strike
0-1: Fly out, F9 (Line Drive, 89D, EV 98.1 MPH)
Top of the 1st over - 0 runs, 0 hits, 0 errors, 1 left on base; Philadelphia (APP) 0 - Missoula 0
BOTTOM OF THE 1ST
Missoula Osprey batting - Pitching for Philadelphia (APP) Phillies : LHP Shirou Yoshida
Pitching: LHP Shirou Yoshida
Batting: RHB Edwin Romero 0-0: Ball
1-0: DOUBLE (Line Drive, 8RXD, EV 100.6 MPH)
Batting: RHB Chris Jones 0-0: Ball
1-0: SINGLE (Groundball, 34D, EV 103.8 MPH)
Edwin Romero to third
Runner from 3rd tries for Home, SAFE, throw by RF to home
Batting: RHB Antonio Luisa 0-0: Called Strike
0-1: Foul Ball, location: 2F
0-2: Foul Ball, location: 2F
0-2: Foul Ball, location: 2F
0-2: Grounds into double play, 4-6-3 (Groundball, 4M, EV 106.2 MPH)
Batting: RHB Francisco Gutierrez 0-0: Called Strike
0-1: Ball
1-1: Called Strike
1-2: Fly out, F8 (Flyball, 89D, EV 100.0 MPH)
Bottom of the 1st over - 1 run, 2 hits, 0 errors, 0 left on base; Philadelphia (APP) 0 - Missoula 1
TOP OF THE 2ND
Philadelphia (APP) Phillies batting - Pitching for Missoula Osprey : RHP Jordan Rondon
Batting: LHB Emilio Ortez 0-0: Ball
1-0: Foul Ball, location: 2F
1-1: Swinging Strike
1-2: Foul Ball, location: 2F
1-2: Strikes out swinging
Batting: RHB Zach Slot 0-0: Called Strike
0-1: Ball
1-1: Ball
2-1: Foul Ball, location: 2F
2-2: Foul Ball, location: 2F
2-2: Foul Ball, location: 2F
2-2: Ball
3-2: Ground out 5-3 (Groundball, 56S, EV 87.5 MPH)
Batting: LHB Jesse Haught 0-0: Called Strike
0-1: Ball
1-1: Foul Ball, location: 2F
1-2: Strikes out swinging
Top of the 2nd over - 0 runs, 0 hits, 0 errors, 0 left on base; Philadelphia (APP) 0 - Missoula 1
BOTTOM OF THE 2ND
Missoula Osprey batting - Pitching for Philadelphia (APP) Phillies : LHP Shirou Yoshida
Batting: RHB Cesar Rendon 0-0: Ball
1-0: Ball
2-0: Ball
3-0: Swinging Strike
3-1: SINGLE (Groundball, 4MD, EV 105.6 MPH)
Batting: RHB Zach Espinosa 0-0: Ball
1-0: Foul Ball, location: 2F
1-1: Grounds into double play, 5-4-3 (Groundball, 5, EV 99.4 MPH)
Batting: RHB Hector Tabares 0-0: Ball
1-0: Ball
2-0: Fly out, F8 (Flyball, 78M, EV 89.4 MPH)
Bottom of the 2nd over - 0 runs, 1 hit, 0 errors, 0 left on base; Philadelphia (APP) 0 - Missoula 1
TOP OF THE 3RD
Philadelphia (APP) Phillies batting - Pitching for Missoula Osprey : RHP Jordan Rondon
Batting: SHB Dana Guthrie 0-0: Ball
1-0: Called Strike
1-1: Ball
2-1: Foul Ball, location: 2F
2-2: Foul Ball, location: 2F
2-2: Ground out 4-3 (Groundball, 4, EV 111.2 MPH)
Batting: RHB Allen Deschamps 0-0: Foul Ball, location: 2F
0-1: Ball
1-1: Ball
2-1: Ball
3-1: Foul Ball, location: 2F
3-2: Foul Ball, location: 2F
3-2: Fly out, F9 (Flyball, 9, EV 91.2 MPH)
Batting: RHB Mike Bell 0-0: Ball
1-0: Ball
2-0: Foul Ball, location: 2F
2-1: Swinging Strike
2-2: Foul Ball, location: 2F
2-2: Foul Ball, location: 2F
2-2: Strikes out swinging
Top of the 3rd over - 0 runs, 0 hits, 0 errors, 0 left on base; Philadelphia (APP) 0 - Missoula 1
BOTTOM OF THE 3RD
Missoula Osprey batting - Pitching for Philadelphia (APP) Phillies : LHP Shirou Yoshida
Batting: RHB Isaiah Hampton 0-0: Ball
1-0: Ball
2-0: Foul Ball, location: 2F
2-1: SINGLE (Groundball, 56D, EV 98.8 MPH)
Batting: RHB Devon House 0-0: Swinging Strike
Passed Ball!
Isaiah Hampton to second
0-1: Swinging Strike
0-2: Strikes out looking
Batting: RHB Edwin Romero 0-0: Called Strike
0-1: Ball
1-1: Reached on error, E6 (Groundball, 6, EV 85.0 MPH)
Isaiah Hampton to third
Batting: RHB Chris Jones 0-0: Called Strike
0-1: Swinging Strike
0-2: Strikes out looking
Batting: RHB Antonio Luisa 0-0: Ball
1-0: 3-RUN HOME RUN (Flyball, 7D, EV 93.8 MPH), Distance : 352 ft
Batting: RHB Francisco Gutierrez 0-0: Swinging Strike
0-1: Called Strike
0-2: Strikes out swinging
Bottom of the 3rd over - 3 runs, 2 hits, 1 error, 0 left on base; Philadelphia (APP) 0 - Missoula 4
TOP OF THE 4TH
Philadelphia (APP) Phillies batting - Pitching for Missoula Osprey : RHP Jordan Rondon
Batting: RHB Victor Arias 0-0: Foul Ball, location: 2F
0-1: Ball
1-1: Ground out 6-3 (Groundball, 6MD, EV 87.5 MPH)
Batting: LHB Joel Moore 0-0: Called Strike
0-1: DOUBLE (Line Drive, 89M, EV 104.4 MPH)
Batting: RHB Guan-pei Gao 0-0: DOUBLE (Line Drive, 78D, EV 100.0 MPH)
Joel Moore scores
Batting: LHB Emilio Ortez 0-0: Called Strike
0-1: Foul Ball, location: 2F
0-2: Foul Ball, location: 2F
0-2: Ball
1-2: Ball
2-2: 2-RUN HOME RUN (Line Drive, 9D, EV 98.8 MPH), Distance : 359 ft
Batting: RHB Zach Slot 0-0: Hit by Pitch
Batting: LHB Jesse Haught 0-0: Ball
1-0: Ball
2-0: Foul Ball, location: 2F
2-1: Swinging Strike
2-2: Strikes out swinging
Batting: SHB Dana Guthrie 0-0: Swinging Strike
0-1: Ball
1-1: Swinging Strike
1-2: Strikes out swinging
Top of the 4th over - 3 runs, 3 hits, 0 errors, 1 left on base; Philadelphia (APP) 3 - Missoula 4
BOTTOM OF THE 4TH
Missoula Osprey batting - Pitching for Philadelphia (APP) Phillies : LHP Shirou Yoshida
Batting: RHB Cesar Rendon 0-0: Ball
1-0: Ball
2-0: Ground out U3 (Groundball, 34, EV 101.9 MPH)
Batting: RHB Zach Espinosa 0-0: Ball
1-0: Foul Ball, location: 2F
1-1: Ball
2-1: Ball
3-1: Foul Ball, location: 2F
3-2: Foul Ball, location: 2F
3-2: Foul Ball, location: 2F
3-2: Fly out, F7 (Flyball, 7, EV 93.8 MPH)
Batting: RHB Hector Tabares 0-0: Swinging Strike
0-1: Ball
1-1: Swinging Strike
1-2: Strikes out looking
Bottom of the 4th over - 0 runs, 0 hits, 0 errors, 0 left on base; Philadelphia (APP) 3 - Missoula 4
TOP OF THE 5TH
Philadelphia (APP) Phillies batting - Pitching for Missoula Osprey : RHP Jordan Rondon
Batting: RHB Allen Deschamps 0-0: Ball
1-0: Foul Ball, location: 2F
1-1: Called Strike
1-2: Ball
2-2: Foul Ball, location: 2F
2-2: Foul Ball, location: 2F
2-2: Ball
3-2: Base on Balls
Batting: RHB Mike Bell 0-0: Fielders Choice at 2nd, 6-4 (Groundball, 6, EV 105.0 MPH)
Batting: RHB Victor Arias 0-0: Foul Ball, location: 2F
0-1: Swinging Strike
0-2: Strikes out looking
Batting: LHB Joel Moore 0-0: Ball
1-0: Called Strike
1-1: Ball
2-1: Ground out U3 (Groundball, 3, EV 88.8 MPH)
Top of the 5th over - 0 runs, 0 hits, 0 errors, 1 left on base; Philadelphia (APP) 3 - Missoula 4
BOTTOM OF THE 5TH
Missoula Osprey batting - Pitching for Philadelphia (APP) Phillies : LHP Shirou Yoshida
Batting: RHB Isaiah Hampton 0-0: Called Strike
0-1: Ball
1-1: Ball
2-1: Ball
3-1: Base on Balls
Batting: RHB Devon House 0-0: Foul Ball, location: 2F
0-1: Fly out, F9 (Flyball, 9D, EV 96.2 MPH)
Batting: RHB Edwin Romero 0-0: Ball
Isaiah Hampton steals 2nd base
1-0: Ball
2-0: Fly out, F8 (Line Drive, 8RD, EV 93.8 MPH)
Batting: RHB Chris Jones 0-0: Foul Ball, location: 2F
0-1: Ball
1-1: SINGLE (Groundball, 6D, EV 101.9 MPH)
Isaiah Hampton to third
Runner from 3rd tries for Home, SAFE, throw by CF to home
Batting: RHB Antonio Luisa 0-0: Foul Ball, location: 2F
0-1: Ball
1-1: Foul Ball, location: 2F
1-2: Ball
2-2: 2-RUN HOME RUN (Flyball, 7LD, EV 90.0 MPH), Distance : 333 ft
Pitching: RHP Tony Ferreira
Batting: RHB Francisco Gutierrez 0-0: Ball
1-0: Ball
2-0: Foul Ball, location: 2F
2-1: Swinging Strike
2-2: Ground out 3-1 (Groundball, 34, EV 82.5 MPH)
Bottom of the 5th over - 3 runs, 2 hits, 0 errors, 0 left on base; Philadelphia (APP) 3 - Missoula 7
TOP OF THE 6TH
Philadelphia (APP) Phillies batting - Pitching for Missoula Osprey : RHP Jordan Rondon
Batting: RHB Guan-pei Gao 0-0: Ball
1-0: Ball
2-0: SINGLE (Groundball, 6D, EV 104.4 MPH)
Batting: LHB Emilio Ortez 0-0: Called Strike
0-1: Swinging Strike
0-2: Ball
1-2: Ball
2-2: Ball
3-2: Base on Balls
Guan-pei Gao to second
Pitching: RHP Javier Rosales
Batting: RHB Zach Slot 0-0: Ball
Wild Pitch!
Guan-pei Gao to third
Emilio Ortez to second
1-0: Ball
2-0: Foul Ball, location: 2F
2-1: Foul Ball, location: 2F
2-2: Ground out 6-3 (Groundball, 56, EV 103.8 MPH)
Guan-pei Gao scores
Pitching: LHP Ricky Ramirez
Batting: LHB Jesse Haught 0-0: 2-RUN HOME RUN (Flyball, 9D, EV 96.9 MPH), Distance : 342 ft
Batting: SHB Dana Guthrie 0-0: Ball
1-0: Foul Ball, location: 2F
1-1: Ball
2-1: SINGLE (Flyball, 8RS, EV 95.0 MPH)
Batting: RHB Allen Deschamps 0-0: Ball
1-0: SINGLE (Flyball, 56D, EV 87.5 MPH)
Dana Guthrie to second
Batting: RHB Mike Bell 0-0: Called Strike
0-1: Ball
1-1: Foul Ball, location: 2F
1-2: Ball
2-2: Strikes out looking
Batting: RHB Victor Arias 0-0: Called Strike
0-1: Fly out, F8 (Flyball, 8LM, EV 84.4 MPH)
Top of the 6th over - 3 runs, 4 hits, 0 errors, 2 left on base; Philadelphia (APP) 6 - Missoula 7
BOTTOM OF THE 6TH
Missoula Osprey batting - Pitching for Philadelphia (APP) Phillies : RHP Tony Ferreira
Batting: RHB Cesar Rendon 0-0: Hit by Pitch
Batting: RHB Zach Espinosa 0-0: Ball
1-0: Ball
2-0: Ball
3-0: Base on Balls
Cesar Rendon to second
Batting: RHB Hector Tabares 0-0: Fly out, F3 (Popup, 3SF, EV 81.2 MPH)
Batting: RHB Isaiah Hampton 0-0: Ball
1-0: Called Strike
1-1: Swinging Strike
1-2: Strikes out swinging
Batting: RHB Devon House 0-0: Foul Ball, location: 2F
0-1: Called Strike
0-2: Ball
1-2: Foul Ball, location: 2F
1-2: DOUBLE (Line Drive, 9LS, EV 90.6 MPH)
Cesar Rendon scores
Zach Espinosa to third
Batting: RHB Edwin Romero 0-0: Ball
1-0: Ball
2-0: Ball
3-0: Called Strike
3-1: Base on Balls
Batting: RHB Chris Jones 0-0: Called Strike
0-1: Ball
1-1: Ball
2-1: Foul Ball, location: 2F
2-2: Strikes out looking
Bottom of the 6th over - 1 run, 1 hit, 0 errors, 3 left on base; Philadelphia (APP) 6 - Missoula 8
TOP OF THE 7TH
Philadelphia (APP) Phillies batting - Pitching for Missoula Osprey : LHP Ricky Ramirez
Batting: LHB Joel Moore 0-0: Called Strike
0-1: Ground out 6-3 (Groundball, 6, EV 81.9 MPH)
Batting: RHB Guan-pei Gao 0-0: Foul Ball, location: 2F
0-1: Ground out U3 (Groundball, 34, EV 87.5 MPH)
Batting: LHB Emilio Ortez 0-0: Swinging Strike
0-1: Ball
1-1: Ball
SINGLE, but batter called out on appeal for missing first base!
Top of the 7th over - 0 runs, 0 hits, 0 errors, 0 left on base; Philadelphia (APP) 6 - Missoula 8
BOTTOM OF THE 7TH
Missoula Osprey batting - Pitching for Philadelphia (APP) Phillies : RHP Tony Ferreira
Batting: RHB Antonio Luisa 0-0: Called Strike
0-1: Called Strike
0-2: Strikes out looking
Batting: RHB Francisco Gutierrez 0-0: Ball
1-0: Foul Ball, location: 2F
1-1: Swinging Strike
1-2: Ball
2-2: Ball
3-2: Foul Ball, location: 2F
3-2: Foul Ball, location: 2F
3-2: Strikes out looking
Pitching: LHP Justin Thornton
Batting: RHB Cesar Rendon 0-0: Ball
1-0: Fly out, F4 (Popup, 13S, EV 85.6 MPH)
Bottom of the 7th over - 0 runs, 0 hits, 0 errors, 0 left on base; Philadelphia (APP) 6 - Missoula 8
TOP OF THE 8TH
Philadelphia (APP) Phillies batting - Pitching for Missoula Osprey : LHP Ricky Ramirez
Batting: RHB Zach Slot 0-0: Ball
1-0: Called Strike
1-1: Ball
2-1: Swinging Strike
2-2: Foul Ball, location: 2F
2-2: Strikes out swinging
Batting: LHB Jesse Haught 0-0: Swinging Strike
0-1: Ball
1-1: Swinging Strike
1-2: Foul Ball, location: 2F
1-2: Ball
2-2: Foul Ball, location: 2F
2-2: Foul Ball, location: 2F
2-2: Foul Ball, location: 2F
2-2: Strikes out looking
Batting: SHB Dana Guthrie 0-0: Called Strike
0-1: DOUBLE (Line Drive, 78D, EV 105.6 MPH)
Batting: RHB Allen Deschamps 0-0: Ball
1-0: Foul Ball, location: 2F
1-1: Fly out, F4 (Popup, 13S, EV 87.5 MPH)
Top of the 8th over - 0 runs, 1 hit, 0 errors, 1 left on base; Philadelphia (APP) 6 - Missoula 8
BOTTOM OF THE 8TH
Missoula Osprey batting - Pitching for Philadelphia (APP) Phillies : LHP Justin Thornton
Batting: RHB Zach Espinosa 0-0: Ball
1-0: Ball
2-0: Ball
3-0: Base on Balls
Batting: RHB Hector Tabares 0-0: Bunted foul
0-1: Sac Bunt to 25 - play at first, batter OUT! 5-3
Zach Espinosa to second
Batting: RHB Isaiah Hampton 0-0: Intentional Walk
Batting: RHB Devon House 0-0: Foul Ball, location: 2F
0-1: Swinging Strike
0-2: Ball
1-2: Ball
2-2: Ball
3-2: Strikes out looking
Batting: RHB Edwin Romero 0-0: SINGLE (Groundball, 6MD, EV 99.4 MPH)
Zach Espinosa to third
Isaiah Hampton to second
Batting: RHB Chris Jones 0-0: Called Strike
0-1: Swinging Strike
0-2: Strikes out swinging
Bottom of the 8th over - 0 runs, 1 hit, 0 errors, 3 left on base; Philadelphia (APP) 6 - Missoula 8
TOP OF THE 9TH
Philadelphia (APP) Phillies batting - Pitching for Missoula Osprey : LHP Ricky Ramirez
Pitching: LHP Sam Davis
Now at 2B: Francisco Gutierrez
Now in LF: Cesar Rendon
Now in CF: Hyeok Shon
Batting: RHB Mike Bell 0-0: Called Strike
0-1: Ball
1-1: Ball
2-1: Foul Ball, location: 2F
2-2: Strikes out swinging
Batting: RHB Victor Arias 0-0: Foul Ball, location: 2F
0-1: Ball
1-1: Called Strike
1-2: Ball
2-2: Strikes out swinging
Batting: LHB Joel Moore 0-0: Ball
1-0: Ground out 4-3 (Groundball, 4, EV 77.5 MPH)
Top of the 9th over - 0 runs, 0 hits, 0 errors, 0 left on base; Philadelphia (APP) 6 - Missoula 8
Thursday, December 15th , 2022 - OOTP Baseball 23.9 Build 102